 Dungeon Crawl Stone Soup version 0.29-a0-97-g88c9fad16d (webtiles) character file.

Game seed: 8687853232321737782

105 enile the Poker (level 4, 0/32 HPs)
             Began as a Gnoll Wanderer on Feb 14, 2022.
             Was a Believer of Zin.
             Succumbed to an orc's poison
             ... on level 3 of the Dungeon.
             The game lasted 00:04:27 (2676 turns).

enile the Poker (Gnoll Wanderer)                    Turns: 2676, Time: 00:04:28

Health: 0/32       AC: 22    Str:  9    XL:     4   Next: 81%
Magic:  8/8        EV:  1    Int: 15    God:    Zin [**....]
Gold:   141        SH:  0    Dex: 12    Spells: 5/9 levels left

rFire   . . .      SeeInvis .   q - +0 halberd (spect)
rCold   . . .      Faith    .   (shield currently unavailable)
rNeg    + . .      Spirit   .   n - +10 plate armour of the Mantidfly {Harm rN+}
rPois   .          Reflect  .   (no helmet)
rElec   .          Harm     +   (no cloak)
rCorr   .          Rampage  .   (no gloves)
Will    .....                   (no boots)
Stlth   ..........              (no amulet)
HPRegen 0.10/turn               (no ring)
MPRegen 0.11/turn               (no ring)

@: brilliant, lethally poisoned (0 -> -3), about to teleport
A: fangs 1, strong nose, distributed training
a: Renounce Religion, Recite, Vitalisation, Donate Gold


You were on level 3 of the Dungeon.
You worshipped Zin.
Zin was pleased with you.
You visited 1 branch of the dungeon, and saw 3 of its levels.

You collected 156 gold pieces.
You donated 15 gold pieces to Zin.

Inventory:

Hand Weapons
 a - a +0 spear
 q - a +0 spectral halberd (weapon)
Missiles
 i - 7 poisoned darts
 o - 6 curare-tipped darts (quivered)
Armour
 b - a +0 scale mail
 h - a +0 leather armour
 n - the +10 plate armour of the Mantidfly (worn) {Harm rN+}
   (You found it on level 2 of the Dungeon)

   rN:        It protects you from negative energy.
   Harm:      It increases damage dealt and taken.
Magical Staves
 g - a staff of cold
Scrolls
 d - 5 scrolls of identify {unknown}
Potions
 l - a potion of brilliance


   Skills:
 + Level 1.2 Fighting
 + Level 1.2 Short Blades
 + Level 1.2 Long Blades
 + Level 1.2 Axes
 + Level 1.2 Maces & Flails
 + Level 6.6 Polearms
 + Level 1.2 Staves
 + Level 1.2 Slings
 + Level 1.2 Bows
 + Level 1.2 Crossbows
 + Level 1.2 Throwing
 + Level 4.7 Armour
 + Level 1.2 Dodging
 + Level 1.2 Stealth
 + Level 1.2 Shields
 + Level 1.2 Unarmed Combat
 + Level 3.0 Spellcasting
 + Level 1.0 Conjurations
 + Level 1.0 Hexes
 + Level 1.0 Summonings
 + Level 1.0 Necromancy
 + Level 1.0 Translocations
 + Level 1.0 Transmutations
 + Level 1.0 Fire Magic
 + Level 5.5 Ice Magic
 + Level 1.0 Air Magic
 + Level 1.0 Earth Magic
 + Level 1.0 Poison Magic
 + Level 1.4 Invocations
 + Level 2.8 Evocations


You had 5 spell levels left.
You knew the following spells:

 Your Spells              Type           Power      Damage    Failure   Level
a - Freeze                Ice            100%       1d11      100%        1
b - Frozen Ramparts       Ice            56%        1d7       100%        3

Your spell library contained the following spells:

 Spells                   Type           Power      Damage    Failure   Level
 Gell's Gravitas          Tloc           8%         N/A       100%        3
 Lesser Beckoning         Tloc           8%         N/A       100%        3
 Ozocubu's Armour         Ice            28%        N/A       100%        3
 Teleport Other           Tloc           8%         N/A       100%        3


Dungeon Overview and Level Annotations

Branches:
Dungeon (3/15)

Altars:
Zin


Innate Abilities, Weirdness & Mutations

You have very sharp teeth.
Your uncanny sense of smell can sniff out nearby items.
Your experience applies equally to all skills.


Message History

You are too injured to fight recklessly!
There is a lethal amount of poison in your body!
There is a lethal amount of poison in your body!
Press: ? - help, v - describe, . - travel, g - get item
Items here: a +1 war axe of venom; an orc corpse.
The floor.
It was a potion of cancellation.
You feel magically purged.
You feel very sick.
It was a potion of lignification.
Zin protects your body from unnatural transformation!
You feel woody for a moment.
* * * LOW HITPOINT WARNING * * *
You feel very sick.
It was a potion of brilliance.
You feel clever all of a sudden.
* * * LOW HITPOINT WARNING * * *
You feel sick.
As you read the scroll labelled MOVUDI QIJER, it crumbles to dust.
You assume a fearsome visage.
Nothing appears to happen.
It was a scroll of fear.
* * * LOW HITPOINT WARNING * * *
You feel sick.
As you read the scroll labelled XIMUIR MEVVION, it crumbles to dust.
The scroll dissolves into smoke.
It was a scroll of fog.
* * * LOW HITPOINT WARNING * * *
You feel sick.
As you read the scroll labelled MYPHOC HIYK, it crumbles to dust.
It is a scroll of brand weapon.
Your +0 halberd acquires a faint afterimage.
q - a +0 spectral halberd (weapon)
* * * LOW HITPOINT WARNING * * *
You feel sick.
As you read the scroll labelled TUZETR TENKAO, it crumbles to dust.
You feel strangely unstable.
It was a scroll of teleportation.
* * * LOW HITPOINT WARNING * * *
You feel sick.
As you read the scroll labelled MAQUEH TUXI, it crumbles to dust.
It is a scroll of amnesia.
Okay, then.
You die...

.........#
.#####...#
##..# ##.#
#.# #.#
#§# ##§#
#@§# #§##
.§§§
#.##.## #
#.# ..#
#.. #.#


There were no monsters in sight!

Vanquished Creatures
  4 gnolls (D:2)
  An adder (D:3)
  2 worms (D:2)
  An orc (D:3)
  4 bats
  6 endoplasms
  A goblin (D:1)
  7 hobgoblins
  5 jackals (D:1)
  5 kobolds
  2 quokkas
  4 ball pythons (D:1)
  3 frilled lizards
  A rat (D:1)
46 creatures vanquished.

Notes
Turn   | Place    | Note
-------+----------+-------------------------------------------
     0 | D:1      | enile the Gnoll Wanderer began the quest for the Orb.
     0 | D:1      | enile set off with the following items: a +0 spear, a +0
                  | scale mail; and the following spell memorised: Freeze; and
                  | the following spells available to memorise: Frozen
                  | Ramparts, Ozocubu's Armour
     0 | D:1      | Reached XP level 1. HP: 13/13 MP: 4/4
   119 | D:1      | Reached XP level 2. HP: 11/19 MP: 0/5
   506 | D:1      | Found a faded altar of an unknown god.
   547 | D:1      | Prayed at the altar of an unknown god.
   547 | D:1      | Became a worshipper of Zin the Law-Giver
   547 | D:1      | Reached * piety under Zin
   649 | D:1      | Reached XP level 3. HP: 23/25 MP: 7/7
   731 | D:1      | Learned a level 3 spell: Frozen Ramparts
  1261 | D:2      | Reached skill level 1 in Invocations
  1390 | D:2      | Identified the +10 plate armour of the Mantidfly {Harm rN+}
  1450 | D:2      | Reached ** piety under Zin
  1497 | D:2      | Reached skill level 1 in Fighting
  1497 | D:2      | Reached skill level 1 in Short Blades
  1497 | D:2      | Reached skill level 1 in Long Blades
  1497 | D:2      | Reached skill level 1 in Axes
  1497 | D:2      | Reached skill level 1 in Maces & Flails
  1497 | D:2      | Reached skill level 1 in Staves
  1497 | D:2      | Reached skill level 1 in Slings
  1497 | D:2      | Reached skill level 1 in Bows
  1497 | D:2      | Reached skill level 1 in Crossbows
  1497 | D:2      | Reached skill level 1 in Throwing
  1497 | D:2      | Reached skill level 1 in Dodging
  1497 | D:2      | Reached skill level 1 in Stealth
  1497 | D:2      | Reached skill level 1 in Shields
  1497 | D:2      | Reached skill level 1 in Unarmed Combat
  1497 | D:2      | HP: 1/26 [gnoll (3)]
  2365 | D:2      | Reached XP level 4. HP: 32/32 MP: 8/8
  2562 | D:2      | Reached skill level 1 in Conjurations
  2562 | D:2      | Reached skill level 1 in Hexes
  2562 | D:2      | Reached skill level 1 in Summonings
  2562 | D:2      | Reached skill level 1 in Necromancy
  2562 | D:2      | Reached skill level 1 in Translocations
  2562 | D:2      | Reached skill level 1 in Transmutations
  2562 | D:2      | Reached skill level 1 in Fire Magic
  2562 | D:2      | Reached skill level 1 in Air Magic
  2562 | D:2      | Reached skill level 1 in Earth Magic
  2562 | D:2      | Reached skill level 1 in Poison Magic
  2675 | D:3      | HP: 1/32 [poisoned by an orc]
  2676 | D:3      | Succumbed to an orc's poison

Illustrated notes

Levels and vault maps discovered:
D:1:      matt_arrival_diagonals, layout_rooms, serial_corexii_hall,
          chequers_hall_statues_wall_a, corexii_hall_statues_i,
          hellmonk_ecumenical_altar_leap_of_faith, hex_medium
D:2:      layout_rooms, minmay_cupped
D:3:      layout_basic, lemuel_doored_altar, lemuel_round_altar,
          mainiacjoe_overflow_chevrons

Skill      XL: |  1  2  3  4 |
---------------+-------------+-----
Invocations    | 1 |  1.4
Fighting       | 1 |  1.2
Short Blades   | 1 |  1.2
Long Blades    | 1 |  1.2
Axes           | 1 |  1.2
Maces & Flails | 1 |  1.2
Staves         | 1 |  1.2
Slings         | 1 |  1.2
Bows           | 1 |  1.2
Crossbows      | 1 |  1.2
Throwing       | 1 |  1.2
Dodging        | 1 |  1.2
Stealth        | 1 |  1.2
Shields        | 1 |  1.2
Unarmed Combat | 1 |  1.2
Spellcasting   | 3 |  3.0
Conjurations   | 1 |  1.0
Hexes          | 1 |  1.0
Summonings     | 1 |  1.0
Necromancy     | 1 |  1.0
Translocations | 1 |  1.0
Transmutations | 1 |  1.0
Fire Magic     | 1 |  1.0
Air Magic      | 1 |  1.0
Earth Magic    | 1 |  1.0
Poison Magic   | 1 |  1.0
Polearms       | |  6.6
Armour         | |  4.7
Ice Magic      | |  5.5
Evocations     | |  2.8

Action                   |  1- 3 |  4- 6 || total
-------------------------+-------+-------++-------
Melee: Spear             |    57 |    17 ||    74
       Bite              |    11 |     1 ||    12
       Staff             |    56 |       ||    56
       Halberd           |       |    23 ||    23
Throw: Dart              |     4 |     1 ||     5
 Cast: Freeze            |    12 |       ||    12
       Frozen Ramparts   |     1 |       ||     1
  Use: Potion            |     1 |     3 ||     4
       Scroll            |       |     5 ||     5
Armor: Scale mail        |    24 |       ||    24
       Plate armour      |    54 |    40 ||    94
       Leather armour    |    11 |       ||    11
Dodge: Dodged            |    49 |     1 ||    50

Table legend: (Time is in decaauts)
 A = Elapsed time spent in this place.
 B = Non-inter-level travel time spent in this place.
 C = Inter-level travel time spent in this place.
 D = Time resting spent in this place.
 E = Time spent auto-exploring this place.
 F = Levels seen in this place.
 G = Mean time per level.
                   A        B        C        D        E       F      G
               +--------+--------+--------+--------+--------+-----+--------+
         Total |   2672 |   2579 |     93 |    732 |   1463 |   3 |  890.7 |
       Dungeon |   2672 |   2579 |     93 |    732 |   1463 |   3 |  890.7 |
               +--------+--------+--------+--------+--------+-----+--------+

Top non-repeatable levels by time:
     D:1: 1671 daAuts
     D:2: 948 daAuts
     D:3: 52 daAuts
